 Dungeon Crawl Stone Soup version 0.23-a0-375-g66a18ee0fb (webtiles) character file.

1461123 Mulqof the Ruinous (level 27, 268/268 HPs)
             Began as a Purple Draconian Conjurer on Oct 23, 2018.
             Was the Champion of Vehumet.
             Escaped with the Orb
             ... and 3 runes on Oct 27, 2018!
             The game lasted 08:18:48 (101786 turns).

Mulqof the Ruinous (Purple Draconian Conjurer)    Turns: 101786, Time: 08:18:49

Health: 268/268    AC: 20    Str: 11    XL:     27
Magic:  45/45      EV: 21    Int: 21    God:    Vehumet [******]
Gold:   4365       SH: 12    Dex: 13    Spells: 4/62 levels left

rFire    + + .     SeeInvis +   a - staff of energy
rCold    + + .     Gourm    .   J - +2 buckler {rC+}
rNeg     . . .     Faith    .   (armour unavailable)
rPois    +         Spirit   .   (helmet restricted)
rElec    .         Reflect  +   Y - scarf {rC+ rF+}
rCorr    .         Harm     .   d - +3 pair of gauntlets of War {Slay+5}
MR       +++++     Rnd*Rage +   E - +2 pair of boots
Stlth    +.........             z - +5 amulet of reflection
HPRegen  0.54/turn              M - ring of Tovvi {Dex+4 SInv}
MPRegen  0.29/turn              I - ring of protection from fire

@: hasted, very quick
A: breathe power, unfitting armour, claws 1, berserk 1, blurry vision 1, clumsy
2, deterioration 1, dopey 2, magic resistance 1, poison resistance, robust 1,
weak 1, evolution 1, cold-blooded, AC +13
0: Orb of Zot
}: 3/15 runes: decaying, serpentine, slimy
a: Breathe Dispelling Energy, Renounce Religion


You escaped.
You worshipped Vehumet.
Vehumet was exalted by your worship.
You were not hungry.

You visited 11 branches of the dungeon, and saw 54 of its levels.
You also visited: Sewer, Bailey and Ice Cave.

You collected 7268 gold pieces.
You spent 2903 gold pieces at shops.

Inventory:

Hand Weapons
 b - a +8 double sword of freezing
 F - the +1 spear of Debt {pierce, rElec Int+4}
   (You found it on level 8 of the Dungeon)

   It inflicts extra damage upon your enemies.
   It affects your intelligence (+4).
   It insulates you from electricity.
Missiles
 t - 3 throwing nets
 A - 10 steel javelins (quivered)
Armour
 d - the +3 pair of gauntlets of War (worn) {Slay+5}
   (You found it on level 13 of the Dungeon)

   It affects your accuracy and damage with ranged weapons and melee attacks
   (+5).
 E - a +2 pair of boots (worn)
 J - a +2 buckler of cold resistance (worn)
 Y - a scarf of resistance (worn)
Magical Staves
 a - an uncursed staff of energy (weapon)
 q - an uncursed staff of conjuration
Jewellery
 o - an uncursed ring of protection from cold
 z - a +5 amulet of reflection (around neck)
 I - a ring of protection from fire (right hand)
 M - the ring of Tovvi (left hand) {Dex+4 SInv}
   (You took it off a deep elf death mage on level 3 of the Elven Halls)

   [ring of see invisible]

   It affects your dexterity (+4).
   It lets you see invisible.
 N - an uncursed ring of resist corrosion
Wands
 f - a wand of enslavement (34)
 v - a wand of paralysis (18)
 y - a wand of iceblast (38)
 Q - a wand of clouds (14)
 S - a wand of digging (50)
 V - a wand of acid (13)
Scrolls
 e - a scroll of enchant armour
 g - 8 scrolls of fear
 m - a scroll of blinking
 p - 9 scrolls of amnesia
 r - 20 scrolls of teleportation
 u - 21 scrolls of identify
 x - a scroll of summoning
 G - 6 scrolls of fog
 L - 24 scrolls of remove curse
 U - 3 scrolls of holy word
Potions
 c - 8 potions of might
 h - 2 potions of agility
 i - 16 potions of curing
 j - a potion of resistance
 k - 13 potions of heal wounds
 H - 4 potions of ambrosia
 O - 3 potions of mutation
 R - 6 potions of cancellation
Miscellaneous
 n - 4 phantom mirrors
 w - a fan of gales
 P - a lightning rod (4/4)
 X - 3 sacks of spiders
Comestibles
 l - 27 rations


   Skills:
 * Level 19.2 Fighting
 - Level 10.0 Long Blades
 + Level 15.0 Dodging
 - Level 1.7 Stealth
 - Level 4.0 Shields
 - Level 18.0 Spellcasting
 + Level 24.9 Conjurations
 - Level 5.1 Hexes
 - Level 10.0 Charms
 - Level 8.0 Summonings
 - Level 5.0 Necromancy
 - Level 2.3 Translocations
 - Level 23.0 Fire Magic
 - Level 2.2 Ice Magic
 - Level 10.2 Earth Magic
 - Level 2.0 Poison Magic
 - Level 12.0 Evocations


You had 4 spell levels left.
You knew the following spells:

 Your Spells              Type           Power        Failure   Level  Hunger
a - Apportation           Tloc           ####..       1%          1    None
b - Orb of Destruction    Conj           #######...   1%          7    None
c - Iskenderun's Mystic   Conj           #######.     0%          4    None
d - Fulminant Prism       Conj/Hex       ######....   1%          4    None
e - Sticky Flame          Conj/Fire      #######.     0%          4    None
f - Fire Storm            Conj/Fire      #######...   4%          9    None
g - Mephitic Cloud        Conj/Pois/Air  ######..     1%          3    None
h - Ozocubu's Armour      Chrm/Ice       #####...     1%          3    None
q - Blink                 Tloc           N/A          1%          2    None
r - Regeneration          Chrm/Necr      ######....   1%          3    None
s - Iron Shot             Conj/Erth      #######...   1%          6    None
v - Spellforged Servitor  Conj/Summ      ######....   1%          7    None
w - Fireball              Conj/Fire      #######...   0%          5    None

Your spell library contained the following spells:

 Spells                   Type           Power        Failure   Level  Hunger
 Chain Lightning          Conj/Air       ######....   28%         8    None
 Tornado                  Air            ###.......   100%        9    None
 Flame Tongue             Conj/Fire      #####        0%          1    None
 Magic Dart               Conj           ####         0%          1    None
 Sting                    Conj/Pois      ####         0%          1    None
 Searing Ray              Conj           ######       0%          2    None
 Throw Flame              Conj/Fire      ######       0%          2    None
 Throw Frost              Conj/Ice       ######       0%          2    None
 Conjure Flame            Conj/Fire      #######.     0%          3    None
 Dazzling Spray           Conj/Hex       ######       0%          3    None
 Stone Arrow              Conj/Erth      ######       0%          3    None
 Animate Skeleton         Necr           N/A          1%          1    None
 Confusing Touch          Hex            #####.       1%          1    None
 Corona                   Hex            #####..      1%          1    None
 Freeze                   Ice            ####         1%          1    None
 Infusion                 Chrm           ####         1%          1    None
 Pain                     Necr           ####         1%          1    None
 Sandblast                Erth           ######       1%          1    None
 Summon Butterflies       Summ           ######..     1%          1    None
 Summon Small Mammal      Summ           ####         1%          1    None
 Call Imp                 Summ           ######..     1%          2    None
 Corpse Rot               Necr           N/A          1%          2    None
 Ensorcelled Hibernation  Hex/Ice        ####..       1%          2    None
 Passwall                 Tmut/Erth      #####...     1%          2    None
 Shroud of Golubria       Chrm/Tloc      #####.....   1%          2    None
 Slow                     Hex            #####...     1%          2    None
 Song of Slaying          Chrm           ######..     1%          2    None
 Sublimation of Blood     Necr           #####.....   1%          2    None
 Swiftness                Chrm/Air       #####...     1%          2    None
 Call Canine Familiar     Summ           ######..     1%          3    None
 Confuse                  Hex            #####...     1%          3    None
 Ignite Poison            Fire/Tmut/Pois ######..     1%          3    None
 Inner Flame              Hex/Fire       ######..     1%          3    None
 Portal Projectile        Hex/Tloc       ####..       1%          3    None
 Recall                   Summ/Tloc      N/A          1%          3    None
 Spectral Weapon          Hex/Chrm       ######..     1%          3    None
 Summon Guardian Golem    Hex/Summ       #####...     1%          3    None
 Tukima's Dance           Hex            #####...     1%          3    None
 Vampiric Draining        Necr           #####.....   1%          3    None
 Force Lance              Conj/Tloc      ######..     1%          4    None
 Leda's Liquefaction      Hex/Erth       ######....   1%          4    None
 Throw Icicle             Conj/Ice       ######..     1%          4    None
 Beastly Appendage        Tmut           ###...       2%          1    None
 Poisonous Vapours        Pois/Air       ###...       2%          2    None
 Gell's Gravitas          Tloc           ####......   3%          3    None
 Lesser Beckoning         Tloc           ####......   3%          3    None
 Animate Dead             Necr           N/A          3%          4    None
 Cause Fear               Hex            #####.....   3%          4    None
 Olgreb's Toxic Radiance  Pois           ####....     3%          4    None
 Petrify                  Tmut/Erth      #####...     3%          4    None
 Summon Ice Beast         Ice/Summ       #####...     3%          4    None
 Sticks to Snakes         Tmut           ###.....     4%          2    None
 Spider Form              Tmut/Pois      ###.......   5%          3    None
 Summon Lightning Spire   Summ/Air       #####...     5%          4    None
 Ice Form                 Ice/Tmut       ###.....     19%         4    None
 Bolt of Draining         Conj/Necr      ######....   1%          5    None
 Bolt of Magma            Conj/Fire/Erth #######...   1%          5    None
 Iskenderun's Battlesphe  Conj/Chrm      #######.     1%          5    None
 Lee's Rapid Deconstruct  Erth           ######....   1%          5    None
 Venom Bolt               Conj/Pois      ######....   1%          5    None
 Bolt of Cold             Conj/Ice       ######....   1%          6    None
 Conjure Ball Lightning   Conj/Air       ######....   1%          6    None
 Ignition                 Fire           #######...   1%          8    None
 Ring of Flames           Chrm/Fire      ######....   2%          7    None
 Aura of Abjuration       Summ           ######....   3%          5    None
 Excruciating Wounds      Chrm/Necr      ######....   3%          5    None
 Summon Demon             Summ           ######....   3%          5    None
 Freezing Cloud           Conj/Ice/Air   ######....   3%          6    None
 Summon Mana Viper        Hex/Summ       #####...     5%          5    None
 Yara's Violent Unravell  Hex/Tmut       ####......   8%          5    None
 Agony                    Necr           #####...     10%         5    None
 Dispel Undead            Necr           #####...     10%         5    None
 Summon Forest            Summ/Tloc      #####.....   10%         5    None
 Shadow Creatures         Summ           N/A          16%         6    None
 Metabolic Englaciation   Hex/Ice        ####......   17%         5    None
 Silence                  Hex/Air        ####......   28%         5    None
 Ozocubu's Refrigeration  Ice            ####......   38%         6    None
 Alistair's Intoxication  Tmut/Pois      ###.....     45%         5    None
 Invisibility             Hex            #####...     47%         6    None
 Statue Form              Tmut/Erth      #####....    47%         6    None
 Death Channel            Necr           #####.....   50%         6    None
 Deflect Missiles         Chrm/Air       #####.....   50%         6    None
 Blade Hands              Tmut           ###.......   61%         5    None
 Summon Hydra             Summ           ######....   65%         7    None
 Simulacrum               Ice/Necr       ####......   69%         6    None
 Dispersal                Tloc           ####......   86%         6    None
 Controlled Blink         Tloc           N/A          100%        8    None
 Discord                  Hex            #####.....   100%        8    None
 Disjunction              Tloc           ####......   100%        8    None
 Shatter                  Erth           ######....   100%        9    None
 Passage of Golubria      Tloc           Unusable     N/A         4    N/A

Dungeon Overview and Level Annotations

Branches:
Dungeon (15/15)            Temple (1/1) D:4            Lair (6/6) D:9
  Swamp (4/4) Lair:2        Snake (4/4) Lair:3        Slime (5/5) Lair:5
    Orc (2/2) D:9             Elf (3/3) Orc:2        Vaults (4/5) D:13
  Crypt (0/3) Vaults:3     Depths (5/5) D:15            Zot (5/5) Depths:5

Altars:
Ashenzari
Cheibriados
Elyvilon
Fedhas
Gozag
Hepliaklqana
Kikubaaqudgha
Makhleb
Nemelex Xobeh
Okawaru
Qazlal
Ru
Sif Muna
Trog
Vehumet
Wu Jian
Xom
Yredelemnul
Jiyva
Lugonu

Shops:
D:4 !   D:6 ?   Orc:2 !**   Elf:3 !   Vaults:4 [   Zot:3 *   Depths:3 =}}
Depths:4 *

Portals:
Hell: Depths:1 Depths:2 Depths:3 Depths:4 Depths:5
Abyss: Depths:2 Depths:4
Pandemonium: Depths:3
Ziggurat: Depths:2
Trove: D:11 (show abyssal rune of Zot)

Annotations:
D:8 3 runed doors, kaisn's ghost, novice FoFi
D:14 exclusion: Roxanne, Roxanne
Snake:2 exclusion: door
Snake:3 3 runed doors, exclusion: 2 downstairs, Ginlys's ghost, journeyman FeCK; Goatsait's ghost, journeyman TrBe; Toehig's ghost, journeyman DDFi
Slime:4 exclusion: downstairs
Elf:2 3 runed doors, exclusion: 3 doors
Vaults:3 3 runed doors, exclusion: 2 doors, Cunoethenee's ghost, adept DsNe; Ippon's ghost, adept OpFi; Neal's ghost, adept DDFi; Vigato's ghost, adept MiFi
Zot:1 1 runed door, Kipell's ghost, legendary SpEn
Zot:4 exclusion: 2 downstairs


Innate Abilities, Weirdness & Mutations

You can breathe bolts of dispelling energy.
Your rich purple scales are hard. (AC +13)
You cannot fit into any form of body armour.
You are cold-blooded and may be slowed by cold attacks.
You have sharp fingernails.
You tend to lose your temper in combat.
Scrolls take you a little longer to read.
You are very clumsy. (Dex -4)
Your body sometimes deteriorates upon taking damage.
You are very dopey. (Int -4)
You are resistant to hostile enchantments. (MR+)
Your system is resistant to poisons. (rPois)
You are robust. (+10% HP)
You are weak. (Str -2)
You evolve.


Message History

You climb upwards.
There is a stone staircase leading down here.
There is a stone staircase leading up here.
You climb upwards.
There is a stone staircase leading down here.
You are feeling hungry.
There is a stone staircase leading up here.
You eat one of the 28 rations.
That ration really hit the spot!
You climb upwards.
There is a stone staircase leading down here.
You feel yourself speed up.
Okay, then.
Evoke which item? (* to show all) (? for menu, Esc to quit)
Aiming: Dig
Press: ? - help, Shift-Dir - straight line A rock wall.
This square is covered in magical glow.
The rock shatters into small pieces.
There is a staircase leading out of the dungeon here.
You have escaped!

.#.......#.........##♣♣♣♣.♣♣
.##...##'###.#####.##.♣..PP♣
#.##..###..#.....#..#..♣.P♣#
##.#...#+#'#####)#..#....##
.###.....##..# #.#..#.####
......##+#+#'###.#..#.#
..[.#.###..##..#....#.#####
###.#..#'#'#'#+##..#......#
#...#....##..#..@#.#......#
#.#.#.##'#'#+#'.##........#
#.#.#.###..##..# ###......#
#.#.#..#'#+#'.## ########
#.#.#....##..#
....#.##+#'.## ....#.###..#
....#..#'### ♣♣♣.#....#


There were no monsters in sight!

Vanquished Creatures
  the Royal Jelly (Slime:5)
  Dissolution (Slime:1)
  6 ancient liches (Zot:5)
  5 orbs of fire
  Sojobo (Vaults:3)
  3 greater mummies (Depths:2)
  A shard shrike (Zot:1)
  Boris (Depths:4)
  the Lernaean hydra (Swamp:4)
  Frederick (Depths:5)
  Saint Roka (Snake:3)
  Vashnia (Snake:2)
  3 Killer Klowns
  A caustic shrike (Depths:3)
  3 curse toes
  Nikola (Snake:1)
  the Enchantress (Depths:2)
  14 golden dragons
  Jory (Depths:4)
  6 electric golems
  2 liches
  18 tentacled monstrosities
  4 quicksilver dragons
  26 Orb Guardians
  A titan (Vaults:4)
  Frances (D:13)
  22 acid blobs
  A quicksilver dragon (shapeshifter) (Depths:5)
  9 death cobs
  5 sphinxes
  4 tengu reavers
  Kirke (Snake:4)
  6 shadow dragons
  A revenant (Vaults:3)
  10 azure jellies
  12 storm dragons
  2 thorn hunters
  2 draconian monks
  6 fire giants
  10 nagarajas
  5 draconian knights
  9 deep elf sorcerers
  9 frost giants
  3 ghost moths
  11 vault wardens
  A cacodemon (Depths:1)
  4 draconian scorchers
  6 draconian shifters
  An angel (D:7)
  An orc warlord (Orc:2)
  Louise (D:13)
  A draconian stormcaller (Zot:1)
  A ghoul (Vaults:1)
  15 very ugly things
  5 deep elf elementalists (Elf:3)
  3 draconian annihilators
  10 ironheart preservers
  A caustic shrike zombie (Depths:2)
  3 spriggan defenders (Depths:2)
  7 green draconians
  17 stone giants
  4 vampire knights
  10 deep elf demonologists
  11 deep elf annihilators
  5 black draconians
  12 white draconians
  6 red draconians
  10 yellow draconians
  7 purple draconians
  Snorg (D:13)
  14 spark wasps
  A crystal guardian (Vaults:3)
  The ghost of Xystaas the Geomancer, a journeyman GrEE of Vehumet (Lair:3)
  10 death oozes
  2 deep elf death magi (Elf:3)
  A merfolk javelineer (Depths:3)
  8 ettins
  2 mummy priests (Depths:2)
  2 merfolk impalers (Depths:3)
  2 jiangshi (Depths:3)
  13 great orbs of eyes
  7 fire dragons
  Josephine (Lair:6)
  5 deep elf high priests
  17 yaktaur captains
  6 rakshasas
  4 vault guards
  3 shambling mangroves
  6 ice dragons
  15 ogre magi
  15 naga warriors
  3 spriggan air magi
  A ghost crab (Swamp:2)
  2 death knights
  24 hydras
  Erica (D:8)
  3 catoblepae
  19 anacondas
  23 two-headed ogres
  6 death yaks (Lair:4)
  An alligator (shapeshifter) (Depths:4)
  14 alligators
  19 centaur warriors
  9 dancing weapons
  A two-headed ogre (shapeshifter) (Vaults:3)
  A deep troll shaman (Depths:1)
  6 tengu warriors
  3 deep troll earth magi
  A queen ant (Lair:2)
  2 vampire magi (Depths:3)
  9 shock serpents
  6 spriggan berserkers
  Urug (Lair:6)
  20 naga sharpshooters
  An orc high priest (Elf:3)
  Sonja (Lair:4)
  10 deep elf knights
  18 spriggans
  8 hell knights (Depths:3)
  2 sixfirhies (Depths:1)
  12 deep trolls
  7 salamander mystics (Snake:4)
  A spriggan druid (Swamp:3)
  5 flayed ghosts
  2 sea snakes (Snake:3)
  4 unseen horrors
  8 glowing orange brains
  8 naga ritualists
  7 wizards
  13 swamp dragons
  An unseen horror (shapeshifter) (Depths:3)
  8 ironbrand convokers
  13 deep elf archers
  3 necromancers
  4 phantasmal warriors
  Pikel (D:4)
  4 harpies (Vaults:3)
  4 lindwurms (Snake:4)
  A fire giant zombie (Vaults:4)
  43 ugly things
  8 wolf spiders
  14 orc knights
  A wolf spider (shapeshifter) (Vaults:2)
  17 mana vipers
  59 deep elf magi
  A manticore (shapeshifter) (Vaults:4)
  3 orc sorcerers
  12 salamanders
  A shining eye (shapeshifter) (Depths:4)
  22 moths of wrath
  12 cyclopes
  3 manticores
  A frost giant skeleton (Depths:2)
  A fire giant skeleton (Vaults:4)
  11 shining eyes
  A centaur zombie (D:15)
  2 human skeletons
  31 naga magi
  28 black mambas
  7 guardian serpents
  15 vault sentinels
  2 eyes of devastation
  A black mamba (shapeshifter) (Depths:4)
  2 ice statues (IceCv)
  An orange demon (Depths:1)
  3 gargoyles
  An eye of devastation (shapeshifter) (Depths:2)
  A smoke demon (Zot:1)
  11 spiny frogs
  A human zombie (Vaults:4)
  3 centaur skeletons
  A yaktaur (shapeshifter) (D:15)
  3 kobold demonologists
  6 freezing wraiths
  6 rime drakes
  7 komodo dragons
  7 tengu conjurers
  An efreet (D:13)
  A hellwing (Zot:1)
  38 yaktaurs
  An ice devil (D:7)
  2 queen bees (shapeshifter)
  6 polar bears
  A red devil (Depths:1)
  A troll (shapeshifter) (Depths:3)
  6 trolls
  A meliai (shapeshifter) (Vaults:1)
  5 tyrant leeches
  25 hornets
  12 blink frogs
  127 slime creatures
  A sphinx simulacrum (Vaults:2)
  4 air elementals
  8 bog bodies
  11 hippogriffs
  Sigmund (D:2)
  7 dream sheep (Lair:6)
  3 shadows
  A spriggan (shapeshifter) (Depths:5)
  A redback (shapeshifter) (Vaults:2)
  A hog (Snake:4)
  7 wraiths
  2 redbacks (Vaults:2)
  A vampire (D:12)
  15 water elementals
  A fire elemental (Elf:2)
  3 basilisks
  A human (shapeshifter) (Vaults:4)
  38 yaks
  3 golden eyes
  2 steam dragons
  2 hungry ghosts
  20 vampire mosquitoes
  5 insubstantial wisps (Swamp:1)
  44 nagas
  4 wargs
  21 swamp worms
  7 soldier ants
  18 water moccasins
  A hydra simulacrum (Zot:1)
  4 acid dragons
  12 porcupines
  3 sky beasts
  9 phantoms
  3 floating eyes
  8 swamp drakes
  5 black bears
  48 orc warriors
  A hornet zombie (D:14)
  17 ice beasts
  A slave (D:4)
  A boggart (shapeshifter) (Elf:3)
  9 eyes of draining
  2 necrophages
  17 ogres
  4 boggarts (Lair:6)
  24 centaurs
  19 wolves
  17 crocodiles
  7 big kobolds
  12 bullfrogs
  A gnoll sergeant (D:9)
  3 earth elementals
  3 scorpions
  2 troll zombies (D:9)
  17 killer bees
  15 wights
  An orc simulacrum (Vaults:2)
  5 electric eels
  2 howler monkeys
  3 bullfrog zombies
  4 crimson imps
  A quasit (D:7)
  3 jellies
  6 hounds
  2 bullfrog skeletons
  17 orc priests
  20 orc wizards
  An iron imp (Depths:3)
  3 iguanas
  12 hell rats
  22 worker ants
  4 ogre zombies (D:9)
  A bullfrog simulacrum (D:13)
  A hound zombie (D:9)
  A hound skeleton (D:11)
  A howler monkey zombie (D:11)
  12 gnolls
  16 adders
  4 shadow imps
  A worker ant simulacrum (D:11)
  3 oozes
  2 adder skeletons
  An adder zombie (D:8)
  5 worms
  4 dart slugs
  9 leopard geckos
  100 orcs
  11 bats
  8 giant cockroaches
  10 goblins
  11 hobgoblins
  17 jackals
  4 quokkas
  5 ball pythons
  9 frilled lizards
  A goblin skeleton (D:9)
  5 goblin zombies (D:9)
  3 hobgoblin zombies (D:9)
  A jackal zombie (D:8)
  34 kobolds
  3 orc skeletons (D:9)
  7 orc zombies (D:9)
  A quokka skeleton (D:6)
  11 rats
  A briar patch (Swamp:2)
  A bush (D:1)
  2 crawling corpses (Elf:3)
  A fire vortex (Zot:5)
  2 fungi
  2 plants (D:1)
2322 creatures vanquished.

Vanquished Creatures (collateral kills)
  An orb of fire (Zot:5)
  Mara (Vaults:3)
  2 juggernauts
  A tentacled monstrosity (Zot:1)
  A lich (Depths:4)
  Asterion (Vaults:3)
  A quicksilver dragon (Zot:1)
  2 acid blobs (Slime:5)
  A storm dragon (Zot:5)
  A shadow dragon (Zot:2)
  2 tengu reavers (Depths:4)
  A draconian monk (Depths:5)
  An azure jelly (Slime:5)
  3 frost giants
  A fire giant (Depths:4)
  A draconian annihilator (Zot:1)
  A very ugly thing (Depths:5)
  An entropy weaver (Vaults:2)
  2 green draconians (Zot:5)
  A vampire knight (Depths:4)
  A black draconian (Zot:1)
  3 yellow draconians
  2 white draconians (Depths:5)
  2 red draconians (Zot:1)
  An ettin (shapeshifter) (Vaults:2)
  A fire dragon (Depths:2)
  2 great orbs of eyes
  2 two-headed ogres (Depths:2)
  An ogre mage (Depths:2)
  A spriggan berserker (Depths:4)
  A hell knight (Depths:5)
  A deep troll (Depths:1)
  A tengu skeleton (Depths:2)
  A deep elf mage (Vaults:3)
  A wolf spider (Vaults:3)
  4 ugly things
  A shining eye (Slime:5)
  A vault sentinel (Vaults:1)
  A moth of wrath (Zot:4)
  4 yaktaurs
  A hornet (Depths:5)
  2 slime creatures (Depths:1)
  A redback (Vaults:2)
  A spriggan (Depths:5)
  A water elemental (Depths:5)
  A warg (Vaults:1)
  A hydra simulacrum (Zot:1)
  A black bear (shapeshifter) (Depths:1)
  An ogre (Depths:2)
  2 centaurs
  A worker ant (Lair:2)
  A white imp (Depths:5)
  An orc (Vaults:1)
  A plant (Depths:4)
74 creatures vanquished.

Vanquished Creatures (others)
  A deep elf master archer (Elf:3)
  A fire giant (Vaults:3)
  2 stone giants
  2 centaur warriors
  An anaconda (Snake:1)
  3 naga sharpshooters
  A deep elf mage (Vaults:2)
  An ugly thing (Vaults:3)
  A black mamba (Snake:3)
  A naga mage (Snake:1)
  3 yaktaurs
  A spriggan (Depths:5)
  3 humans (Snake:4)
  A soldier ant (D:14)
  A naga (Snake:1)
  A sky beast (D:13)
  3 centaurs
  A killer bee (D:7)
  3 crimson imps
  A hound (D:4)
  An iguana (D:13)
  Ijyb (D:4)
  A jackal (D:4)
  A frilled lizard (D:4)
  109 fire vortices
  14 fulminant prisms
  12 fungi
  26 plants
  5 withered plants
202 creatures vanquished.

Grand Total: 2598 creatures vanquished

Notes
Turn   | Place    | Note
-------+----------+-------------------------------------------
     0 | D:1      | Mulqof the Draconian Conjurer began the quest for the Orb.
     0 | D:1      | Reached XP level 1. HP: 14/14 MP: 3/3
   407 | D:1      | Reached XP level 2. HP: 20/20 MP: 1/5
   514 | D:1      | Learned a level 2 spell: Searing Ray
  1013 | D:1      | Reached XP level 3. HP: 26/26 MP: 4/7
  1669 | D:2      | Noticed Sigmund
  1945 | D:2      | Reached XP level 4. HP: 33/33 MP: 3/8
  2069 | D:2      | Learned a level 4 spell: Iskenderun's Mystic Blast
  2483 | D:2      | Reached skill level 5 in Conjurations
  2902 | D:3      | Reached XP level 5. HP: 29/38 MP: 6/10
  2909 | D:3      | Found a glowing drain.
  2919 | Sewer    | Entered a sewer
  2971 | Sewer    | Learned a level 4 spell: Fulminant Prism
  3475 | Sewer    | Reached skill level 6 in Conjurations
  3475 | Sewer    | Reached XP level 6. HP: 45/45 MP: 0/12
  3701 | D:2      | Killed Sigmund
  3701 | D:2      | Reached skill level 1 in Fighting
  3701 | D:2      | Reached skill level 1 in Hexes
  4230 | D:4      | Found a staircase to the Ecumenical Temple.
  4250 | D:4      | Noticed a slave
  4250 | D:4      | Noticed a slave
  4304 | Temple   | Entered the Ecumenical Temple
  4312 | Temple   | Became a worshipper of Vehumet
  4349 | D:4      | Noticed a slave
  4350 | D:4      | Noticed a slave
  4371 | D:4      | Killed a slave
  4382 | D:4      | Noticed Pikel
  4435 | D:4      | Killed Pikel
  4435 | D:4      | Your scales start taking on a rich purple colour.
  4435 | D:4      | Reached skill level 5 in Spellcasting
  4435 | D:4      | Reached XP level 7. HP: 45/58 MP: 2/14
  4573 | D:4      | Learned a level 2 spell: Blink
  4581 | D:4      | Learned a level 3 spell: Conjure Flame
  4721 | D:4      | Reached XP level 8. HP: 60/66 MP: 5/15
  4875 | D:4      | Found Woets's Distillery.
  4922 | D:4      | Noticed Ijyb
  4974 | D:4      | Killed Ijyb
  5114 | D:4      | Reached skill level 1 in Translocations
  5114 | D:4      | Reached skill level 1 in Fire Magic
  5412 | D:5      | Entered Level 5 of the Dungeon
  6606 | D:5      | Reached * piety under Vehumet
  6606 | D:5      | Offered knowledge of Shock by Vehumet.
  6886 | D:6      | Reached skill level 7 in Conjurations
  6886 | D:6      | Reached skill level 5 in Hexes
  7482 | D:6      | Reached skill level 8 in Conjurations
  7572 | D:6      | Got a brightly glowing dagger
  7580 | D:6      | Identified the cursed +0 dagger "Yskyzipi" {venom, +Inv
                  | SInv} (You found it on level 6 of the Dungeon)
  7586 | D:6      | Found a burning altar of Makhleb.
  7587 | D:6      | Found a shimmering altar of Xom.
  7669 | D:6      | Found Dojag's Magic Scroll Shoppe.
  7741 | D:6      | Reached XP level 9. HP: 68/71 MP: 11/16
  7881 | D:7      | Found a snail-covered altar of Cheibriados.
  7998 | D:7      | Found an ancient bone altar of Kikubaaqudgha.
  8284 | D:7      | Found an opulent altar of Gozag.
  8324 | D:7      | Reached skill level 9 in Conjurations
  8660 | D:7      | Found a sacrificial altar of Ru.
  8660 | D:7      | Found an ornate altar of the Wu Jian Council.
  8771 | D:7      | Found a blossoming altar of Fedhas.
  9005 | D:8      | Learned a level 4 spell: Sticky Flame
  9039 | D:8      | Found a flagged portal.
  9049 | Bailey   | Entered a bailey
  9165 | Bailey   | Offered knowledge of Sting by Vehumet.
  9200 | Bailey   | Reached ** piety under Vehumet
  9244 | Bailey   | Noticed an orc knight
  9273 | Bailey   | Killed an orc knight
  9529 | Bailey   | Found a burning altar of Makhleb.
  9762 | D:8      | Found a runed gate.
  9762 | D:8      | Found a runed gate.
  9762 | D:8      | Found a runed gate.
 10014 | D:8      | Noticed Erica
 10032 | D:8      | Killed Erica
 10032 | D:8      | Reached skill level 10 in Conjurations
 10032 | D:8      | Reached XP level 10. HP: 51/78 MP: 6/22
 10239 | D:8      | Noticed kaisn's ghost (novice FoFi)
 10410 | D:8      | Got a bloodstained spear
 10786 | D:8      | Learned a level 3 spell: Mephitic Cloud
 10794 | D:9      | Noticed a two-headed ogre
 10857 | D:9      | Found a staircase to the Lair.
 10964 | D:9      | Noticed a two-headed ogre
 10984 | D:9      | Killed a two-headed ogre
 10984 | D:9      | Reached skill level 5 in Fighting
 10984 | D:9      | Reached skill level 1 in Poison Magic
 11388 | D:9      | Offered knowledge of Static Discharge by Vehumet.
 11422 | D:9      | Reached *** piety under Vehumet
 11528 | D:9      | Noticed a two-headed ogre
 11635 | D:9      | You fall through a shaft!
 11635 | D:10     | Entered Level 10 of the Dungeon
 12019 | D:9      | Found a staircase to the Orcish Mines.
 12090 | D:9      | Killed a two-headed ogre
 12212 | D:9      | Reached skill level 5 in Fire Magic
 12290 | D:9      | Killed a two-headed ogre
 12529 | D:9      | Offered knowledge of Stone Arrow by Vehumet.
 12731 | D:10     | Reached XP level 11. HP: 81/91 MP: 19/24
 12750 | D:10     | Reached skill level 10 in Spellcasting
 12939 | Lair:1   | Entered Level 1 of the Lair of Beasts
 13187 | Lair:1   | Noticed a five-headed hydra
 13204 | Lair:1   | Killed a five-headed hydra
 13312 | Lair:1   | Noticed a six-headed hydra
 13323 | Lair:1   | Killed a six-headed hydra
 13455 | Lair:1   | Reached **** piety under Vehumet
 13503 | Lair:1   | Learned a level 5 spell: Fireball
 13507 | Lair:1   | Learned a level 3 spell: Ozocubu's Armour
 13733 | Lair:1   | Reached skill level 1 in Charms
 14218 | Lair:1   | Found a stormy altar of Qazlal.
 14245 | Lair:1   | Offered knowledge of Bolt of Magma by Vehumet.
 14917 | Lair:2   | Reached skill level 1 in Ice Magic
 15107 | Lair:2   | Identified the cursed +1 spear of Debt {pierce, rElec
                  | Int+4} (You found it on level 8 of the Dungeon)
 15130 | Lair:2   | Found a staircase to the Swamp.
 15359 | Lair:2   | Noticed a queen ant
 15369 | Lair:2   | Killed a queen ant
 15780 | Lair:2   | Reached XP level 12. HP: 94/104 MP: 12/27
 15864 | Lair:2   | Reached skill level 1 in Shields
 16848 | Lair:3   | Noticed an eight-headed hydra
 16855 | Lair:3   | Killed an eight-headed hydra
 16965 | Lair:3   | Reached ***** piety under Vehumet
 17039 | Lair:3   | Reached skill level 5 in Charms
 17308 | Lair:3   | Found a staircase to the Snake Pit.
 17360 | Lair:3   | Offered knowledge of Freezing Cloud by Vehumet.
 17430 | Lair:3   | Found a runed door.
 17439 | Lair:3   | Noticed Xystaas's ghost (journeyman GrEE)
 17687 | Lair:4   | Noticed a catoblepas
 18156 | Lair:4   | Killed a catoblepas
 18204 | Lair:3   | Reached skill level 10 in Fighting
 18775 | Lair:4   | Noticed Sonja
 18784 | Lair:4   | Killed Sonja
 19153 | Lair:4   | Reached skill level 10 in Fire Magic
 19321 | Lair:4   | Noticed a death yak
 19321 | Lair:4   | Noticed a death yak
 19321 | Lair:4   | Noticed a death yak
 19321 | Lair:4   | Noticed a death yak
 19321 | Lair:4   | Noticed a death yak
 19321 | Lair:4   | Noticed a death yak
 19372 | Lair:4   | Killed a death yak
 19378 | Lair:4   | Killed a death yak
 19378 | Lair:4   | Reached skill level 5 in Dodging
 19680 | Lair:4   | Killed a death yak
 19692 | Lair:4   | Killed a death yak
 19742 | Lair:4   | Killed a death yak
 19742 | Lair:4   | Reached XP level 13. HP: 89/113 MP: 14/28
 20242 | Lair:5   | Found a staircase to the Slime Pits.
 20243 | Lair:5   | Found a viscous altar of Jiyva.
 20946 | Lair:6   | Entered Level 6 of the Lair of Beasts
 21254 | Lair:6   | Noticed Urug
 21271 | Lair:6   | Killed Urug
 21434 | Lair:6   | Upgraded the game from 0.23-a0-358-g98c7a59ffc to
                  | 0.23-a0-368-g82e90586b2
 21529 | Lair:6   | Noticed Josephine
 21534 | Lair:6   | Killed Josephine
 22156 | Lair:6   | Offered knowledge of Lightning Bolt by Vehumet.
 22278 | Lair:6   | Reached skill level 10 in Dodging
 24360 | D:11     | Reached XP level 14. HP: 96/121 MP: 26/31
 25391 | D:11     | Found a portal to a secret trove of treasure.
 25595 | D:12     | Found a frozen archway.
 25603 | IceCv    | Entered an ice cave
 25878 | IceCv    | Offered knowledge of Spellforged Servitor by Vehumet.
 25944 | IceCv    | Learned a level 7 spell: Spellforged Servitor
 26080 | IceCv    | Got a crude ruby amulet
 26083 | IceCv    | Identified the amulet "Liratiol" {Faith rC- rN++ MR- Dex+8}
                  | (You found it in an ice cave)
 27624 | Orc:1    | Entered Level 1 of the Orcish Mines
 28081 | Orc:2    | Entered Level 2 of the Orcish Mines
 28085 | Orc:2    | Reached skill level 1 in Long Blades
 28373 | Orc:2    | Found a staircase to the Elven Halls.
 28442 | Orc:1    | Offered knowledge of Yara's Violent Unravelling by Vehumet.
 28442 | Orc:1    | Noticed an orc warlord
 28650 | Orc:2    | Reached skill level 15 in Spellcasting
 29610 | Orc:2    | Reached skill level 5 in Long Blades
 29891 | Orc:2    | Found Unocs's Food Emporium.
 29891 | Orc:2    | Found Joschaw's Assorted Antiques.
 29893 | Orc:2    | Found Cenkonadd's Distillery.
 29895 | Orc:2    | Found Ulatuez's Assorted Antiques.
 29899 | Orc:2    | Bought a metallic blue potion for 25 gold pieces
 29899 | Orc:2    | Bought a scroll of identify for 56 gold pieces
 29899 | Orc:2    | Bought a scroll of identify for 56 gold pieces
 29909 | Orc:2    | Bought a potion of haste for 150 gold pieces
 29909 | Orc:2    | Bought 2 potions of heal wounds for 150 gold pieces
 29909 | Orc:2    | Bought a potion of agility for 60 gold pieces
 29909 | Orc:2    | Bought a potion of brilliance for 60 gold pieces
 29912 | Orc:2    | Bought a scroll of teleportation for 99 gold pieces
 29915 | Orc:2    | Bought a scroll of teleportation for 84 gold pieces
 30020 | Orc:2    | Killed an orc warlord
 30693 | D:13     | Offered knowledge of Orb of Destruction by Vehumet.
 30807 | D:12     | Learned a level 7 spell: Orb of Destruction
 30896 | D:13     | Found the +3 pair of gauntlets of War {Slay+5}
 30965 | D:13     | Paralysed by an ogre mage for 4 turns
 30974 | D:13     | Reached skill level 1 in Evocations
 31349 | D:13     | Identified the Tome of Domination
 31645 | D:13     | Reached XP level 15. HP: 101/126 MP: 15/34
 31934 | D:13     | Found a gate to the Vaults.
 32113 | D:13     | Noticed a frost giant
 32159 | D:13     | Killed a frost giant
 32505 | D:14     | Reached skill level 5 in Evocations
 32516 | D:14     | Noticed Louise
 32705 | D:13     | Killed Louise
 32893 | D:14     | Noticed Snorg
 32901 | D:13     | Killed Snorg
 33193 | D:14     | Noticed Frances
 33509 | D:14     | Reached skill level 11 in Conjurations
 33625 | D:14     | Noticed Roxanne
 34027 | D:13     | Killed Frances
 34275 | D:15     | Entered Level 15 of the Dungeon
 34275 | D:15     | Found a blossoming altar of Fedhas.
 34407 | D:15     | Reached skill level 12 in Conjurations
 34825 | D:15     | Found a staircase to the Depths.
 35007 | D:15     | Offered knowledge of Ozocubu's Refrigeration by Vehumet.
 36181 | Swamp:1  | Entered Level 1 of the Swamp
 36825 | Lair:2   | Reached skill level 13 in Conjurations
 36992 | Swamp:1  | Reached XP level 16. HP: 122/134 MP: 12/35
 37135 | Swamp:1  | Reached skill level 10 in Long Blades
 37709 | Swamp:1  | Noticed a thorn hunter
 37711 | Swamp:1  | Killed a thorn hunter
 38360 | Swamp:2  | Reached skill level 14 in Conjurations
 38418 | Swamp:1  | Offered knowledge of Poison Arrow by Vehumet.
 39233 | Swamp:2  | Noticed a thorn hunter
 39240 | Swamp:2  | Killed a thorn hunter
 39387 | Swamp:2  | Found a bloodstained altar of Trog.
 39616 | Swamp:3  | Reached skill level 15 in Conjurations
 40408 | Swamp:4  | Entered Level 4 of the Swamp
 41384 | Swamp:4  | Noticed the 27-headed Lernaean hydra
 41396 | Swamp:4  | Killed the 27-headed Lernaean hydra
 42266 | Swamp:4  | Reached XP level 17. HP: 146/146 MP: 22/36
 42373 | Swamp:4  | Reached ****** piety under Vehumet
 42838 | Swamp:4  | Got a decaying rune of Zot
 43156 | Snake:1  | Entered Level 1 of the Snake Pit
 44399 | Snake:1  | Noticed Nikola
 44410 | Snake:1  | Killed Nikola
 45041 | Snake:2  | Identified a scroll of acquirement
 46465 | Snake:2  | Noticed Vashnia
 46697 | Snake:2  | Killed Vashnia
 48040 | Snake:3  | Offered knowledge of Fire Storm by Vehumet.
 48040 | Snake:3  | Offered knowledge of Chain Lightning by Vehumet.
 48040 | Snake:3  | Offered knowledge of Tornado by Vehumet.
 48168 | Snake:3  | Noticed Saint Roka
 48425 | Snake:3  | Reached XP level 18. HP: 155/161 MP: 34/37
 48516 | Snake:3  | Identified the +7 falchion of the Enchanted Forest {slice,
                  | rF+ rN+ MR+ SInv}
 48647 | Snake:3  | Found a runed gate.
 48648 | Snake:3  | Found a runed gate.
 48648 | Snake:3  | Found a runed gate.
 48650 | Snake:3  | Noticed Goatsait's ghost (journeyman TrBe)
 48650 | Snake:3  | Noticed Ginlys's ghost (journeyman FeCK)
 48650 | Snake:3  | Noticed Toehig's ghost (journeyman DDFi)
 48650 | Snake:3  | Noticed Toehig's ghost (journeyman DDFi)
 49680 | Snake:3  | Killed Saint Roka
 49818 | Snake:4  | Entered Level 4 of the Snake Pit
 50244 | Snake:4  | Noticed Kirke
 50254 | Snake:4  | Killed Kirke
 50286 | Snake:4  | Reached skill level 15 in Fighting
 52688 | Snake:4  | Reached skill level 16 in Conjurations
 53254 | Snake:4  | Reached XP level 19. HP: 162/170 MP: 7/38
 53813 | Snake:4  | Got a serpentine rune of Zot
 54027 | Lair:3   | Killed Xystaas's ghost
 54452 | Elf:1    | Entered Level 1 of the Elven Halls
 54726 | Elf:1    | Reached skill level 1 in Summonings
 55615 | Elf:1    | Identified the Disquisition on Conjuration
 56633 | Elf:2    | Reached skill level 15 in Dodging
 56956 | Elf:2    | Found a runed gate.
 56956 | Elf:2    | Found a runed gate.
 56959 | Elf:2    | Found a runed gate.
 57337 | Elf:3    | Entered Level 3 of the Elven Halls
 57440 | Elf:3    | Found a radiant altar of Vehumet.
 58343 | Elf:3    | Identified the +10 scimitar "Xuupac" {freeze, +Blink rF++
                  | rC- rN+}
 58345 | Elf:3    | Identified the cursed +1 leather armour of the Catamount
                  | {-Tele rF+ Slay+5 Stlth+}
 58731 | Elf:3    | Found Xeippat's Distillery.
 58735 | Elf:3    | Bought a potion of heal wounds for 85 gold pieces
 58735 | Elf:3    | Bought a potion of agility for 68 gold pieces
 58735 | Elf:3    | Bought a potion of magic for 136 gold pieces
 58947 | Elf:3    | Reached skill level 5 in Summonings
 59202 | Elf:3    | Reached skill level 17 in Conjurations
 59402 | Elf:3    | Identified the ring of Tovvi {Dex+4 SInv}
 60233 | Elf:3    | Reached XP level 20. HP: 178/178 MP: 7/39
 60387 | Elf:3    | Got a glittering diamond amulet
 60388 | Elf:3    | Identified the amulet of Poetyj {Inacc *Corrode rN+ MR+}
                  | (You found it on level 3 of the Elven Halls)
 60692 | Vaults:1 | Entered Level 1 of the Vaults
 62106 | Vaults:1 | Upgraded the game from 0.23-a0-368-g82e90586b2 to
                  | 0.23-a0-372-g5ce4c07210
 63197 | Vaults:2 | Reached skill level 18 in Conjurations
 63882 | Vaults:2 | Reached skill level 15 in Fire Magic
 64771 | Vaults:2 | Reached XP level 21. HP: 184/184 MP: 28/40
 65089 | Vaults:3 | Noticed Mara
 65663 | Vaults:3 | Reached skill level 19 in Conjurations
 65730 | Vaults:3 | Found a staircase to the Crypt.
 66301 | Vaults:3 | Noticed Asterion
 66781 | Vaults:3 | Found a runed gate.
 66781 | Vaults:3 | Found a runed gate.
 66781 | Vaults:3 | Found a runed gate.
 66781 | Vaults:3 | Noticed Cunoethenee's ghost (adept DsNe)
 66782 | Vaults:3 | Noticed Vigato's ghost (adept MiFi)
 66782 | Vaults:3 | Noticed Neal's ghost (adept DDFi)
 66783 | Vaults:3 | Noticed Ippon's ghost (adept OpFi)
 66835 | Vaults:3 | Noticed Mulqof's illusion
 66839 | Vaults:3 | Killed Mara
 67009 | Vaults:3 | Noticed Sojobo
 67340 | Vaults:3 | Killed Asterion
 67725 | Vaults:3 | Killed Sojobo
 68475 | Vaults:4 | Found Odaebri's Antique Armour Emporium.
 69691 | Vaults:4 | Reached skill level 20 in Conjurations
 69770 | Vaults:4 | Learned a level 1 spell: Apportation
 70686 | Orc:2    | Bought a ration for 60 gold pieces
 70686 | Orc:2    | Bought a ration for 60 gold pieces
 70686 | Orc:2    | Bought a ration for 60 gold pieces
 70686 | Orc:2    | Bought a ration for 60 gold pieces
 70686 | Orc:2    | Bought a ration for 60 gold pieces
 70686 | Orc:2    | Bought a ration for 60 gold pieces
 70686 | Orc:2    | Bought a ration for 60 gold pieces
 70688 | Orc:2    | Bought a potion of brilliance for 60 gold pieces
 70688 | Orc:2    | Bought a potion of brilliance for 60 gold pieces
 70892 | D:6      | Bought a scroll of fear for 45 gold pieces
 70892 | D:6      | Bought a scroll of teleportation for 39 gold pieces
 70892 | D:6      | Bought a scroll of fear for 45 gold pieces
 70892 | D:6      | Bought a scroll of enchant weapon for 97 gold pieces
 70892 | D:6      | Bought a scroll of fog for 26 gold pieces
 70917 | D:6      | Learned a level 9 spell: Fire Storm
 71009 | D:4      | Bought a potion of brilliance for 44 gold pieces
 71009 | D:4      | Bought a potion of might for 44 gold pieces
 71009 | D:4      | Bought a potion of haste for 110 gold pieces
 71009 | D:4      | Bought a potion of haste for 110 gold pieces
 71009 | D:4      | Bought a potion of haste for 110 gold pieces
 71009 | D:4      | Bought a potion of agility for 44 gold pieces
 71009 | D:4      | Bought a potion of brilliance for 44 gold pieces
 71195 | Depths:1 | Entered Level 1 of the Depths
 71540 | Depths:1 | Reached XP level 22. HP: 187/192 MP: 8/41
 73546 | Depths:1 | Found a gateway to Hell.
 73954 | Depths:2 | Found a gateway to a ziggurat.
 74539 | Depths:2 | Identified the +0 faerie dragon scales {rCorr Str+4}
 74539 | Depths:2 | Noticed the Enchantress
 75446 | Depths:2 | Found a one-way gate to the infinite horrors of the Abyss.
 75915 | Depths:2 | Noticed a greater mummy
 76196 | Depths:1 | Reached skill level 21 in Conjurations
 76619 | Depths:2 | Noticed a greater mummy
 76625 | Depths:2 | Killed a greater mummy
 76625 | Depths:2 | Killed a greater mummy
 76758 | Depths:2 | Killed the Enchantress
 76759 | Depths:2 | Noticed a greater mummy
 77145 | Depths:1 | Upgraded the game from 0.23-a0-372-g5ce4c07210 to
                  | 0.23-a0-375-g66a18ee0fb
 77179 | Depths:2 | Identified the Compendium of the Arsonist and Stolen Souls
 77647 | Depths:2 | Found the +7 sceptre of Torment {pain, torment}
 77756 | Depths:2 | Found a gateway to a ziggurat.
 77767 | Depths:2 | Killed a greater mummy
 77800 | Depths:2 | Found a one-way gate to the infinite horrors of the Abyss.
 79368 | Depths:3 | Identified the Disquisition on Envenoming
 79378 | Depths:3 | Identified Histra's Compendium of Lucky Poison
 79388 | Depths:3 | Found a deep blue altar of Sif Muna.
 79437 | Depths:3 | Reached XP level 23. HP: 141/197 MP: 12/42
 79699 | Depths:3 | Identified Ikulyd's Compendium of Gliding Translocation
 79717 | Depths:3 | Identified the Handbook of the Four Gods
 79719 | Depths:3 | Identified the Tome of Envenoming and Flames
 79808 | Depths:3 | Identified the Collected Works on Cloudy Conjuration
 80146 | Depths:3 | Found Dokhla's Gadget Boutique.
 80147 | Depths:3 | Found Jeces's Jewellery Emporium.
 80149 | Depths:3 | Found Humech's Gadget Boutique.
 80893 | Depths:3 | Found a one-way gate leading to the halls of Pandemonium.
 81174 | Depths:4 | Found a corrupted altar of Lugonu.
 81207 | Depths:4 | Learned a level 3 spell: Regeneration
 81303 | Depths:4 | Reached skill level 22 in Conjurations
 82000 | Depths:4 | Noticed Jory
 82114 | Depths:4 | Noticed a caustic shrike
 82126 | Depths:3 | Killed a caustic shrike
 82265 | Depths:4 | Noticed a juggernaut
 82273 | Depths:4 | Killed a juggernaut
 82614 | Depths:4 | Killed Jory
 82806 | Depths:4 | Found Nefedeli's General Store.
 82835 | Depths:4 | Noticed Boris
 82841 | Depths:4 | Killed Boris
 83157 | Depths:4 | Reached skill level 23 in Conjurations
 83959 | Depths:5 | Entered Level 5 of the Depths
 84050 | Depths:4 | Bought a potion of curing for 45 gold pieces
 84056 | Depths:5 | Noticed a juggernaut
 84295 | Depths:5 | Reached XP level 24. HP: 176/206 MP: 20/42
 84491 | Depths:5 | Killed a juggernaut
 84807 | Depths:4 | Bought an uncursed ring of see invisible for 225 gold
                  | pieces
 85482 | Depths:5 | Noticed Frederick
 85500 | Depths:5 | Killed Frederick
 85500 | Depths:5 | Reached skill level 10 in Evocations
 85727 | Depths:5 | Found a gate to the Realm of Zot.
 86131 | Slime:1  | Entered Level 1 of the Pits of Slime
 86156 | Slime:1  | Gained mutation: You are clumsy. (Dex -2) [a shining eye]
 86178 | Slime:1  | Gained mutation: Your magical capacity is low. (-10% MP) [a
                  | shining eye]
 86401 | Slime:2  | Noticed Dissolution
 86421 | Slime:1  | Killed Dissolution
 86501 | Slime:2  | Gained mutation: You are occasionally teleported next to
                  | monsters. [a shining eye]
 86501 | Slime:2  | Gained mutation: You are weak. (Str -2) [a shining eye]
 86516 | Slime:1  | Lost mutation: Your magical capacity is low. (-10% MP)
                  | [potion of mutation]
 86516 | Slime:1  | Lost mutation: You are weak. (Str -2) [potion of mutation]
 86516 | Slime:1  | Lost mutation: You are occasionally teleported next to
                  | monsters. [potion of mutation]
 86516 | Slime:1  | Gained mutation: You are very clumsy. (Dex -4) [potion of
                  | mutation]
 86516 | Slime:1  | Gained mutation: You are dopey. (Int -2) [potion of
                  | mutation]
 86516 | Slime:1  | Gained mutation: You evolve. [potion of mutation]
 86777 | Slime:2  | Gained mutation: You do not regenerate when monsters are
                  | visible. [a shining eye]
 86779 | Slime:2  | Gained mutation: Your spells are a little harder to cast,
                  | but a little more powerful. [a shining eye]
 86904 | Slime:2  | Reached skill level 24 in Conjurations
 87501 | Slime:5  | Entered Level 5 of the Pits of Slime
 87870 | Slime:5  | Noticed the Royal Jelly
 89243 | Slime:5  | Gained mutation: You are very dopey. (Int -4) [a shining
                  | eye]
 89245 | Slime:5  | Reached XP level 25. HP: 198/211 MP: 31/43
 89358 | Slime:5  | Killed the Royal Jelly
 89446 | Slime:5  | Got a slimy rune of Zot
 89465 | Slime:5  | Found the +8 storm bow {elec}
 89518 | Slime:5  | Identified the Reference Book on Floating Enchantment
 89536 | Slime:5  | Lost mutation: You evolve. [potion of mutation]
 89536 | Slime:5  | Lost mutation: Your spells are a little harder to cast, but
                  | a little more powerful. [potion of mutation]
 89536 | Slime:5  | Lost mutation: You are very dopey. (Int -4) [potion of
                  | mutation]
 89536 | Slime:5  | Gained mutation: Potions are less effective at restoring
                  | your health. [potion of mutation]
 89536 | Slime:5  | Gained mutation: Your system is resistant to poisons.
                  | (rPois) [potion of mutation]
 89536 | Slime:5  | Gained mutation: You evolve. [potion of mutation]
 90070 | D:4      | Bought a potion of curing for 33 gold pieces
 90070 | D:4      | Bought a potion of curing for 33 gold pieces
 90070 | D:4      | Bought a potion of mutation for 88 gold pieces
 90070 | D:4      | Lost mutation: Potions are less effective at restoring your
                  | health. [potion of mutation]
 90070 | D:4      | Lost mutation: You are dopey. (Int -2) [potion of mutation]
 90070 | D:4      | Lost mutation: You do not regenerate when monsters are
                  | visible. [potion of mutation]
 90070 | D:4      | Gained mutation: You are resistant to hostile enchantments.
                  | (MR+) [potion of mutation]
 90070 | D:4      | Gained mutation: Scrolls take you a little longer to read.
                  | [potion of mutation]
 90070 | D:4      | Gained mutation: You have sharp fingernails. [potion of
                  | mutation]
 90409 | Zot:1    | Entered Level 1 of the Realm of Zot
 90793 | Depths:5 | Learned a level 6 spell: Iron Shot
 91475 | Zot:1    | Noticed an orb of fire
 91476 | Zot:1    | Noticed a shard shrike
 91805 | Zot:1    | Gained mutation: You are dopey. (Int -2) [an orb of fire]
 91811 | Zot:1    | Gained mutation: You are very dopey. (Int -4) [an orb of
                  | fire]
 91818 | Zot:1    | Killed an orb of fire
 91971 | Zot:1    | Killed a shard shrike
 91971 | Zot:1    | Reached skill level 1 in Necromancy
 92153 | Zot:1    | Found a runed door.
 92155 | Zot:1    | Noticed Kipell's ghost (legendary SpEn)
 92437 | Zot:2    | Gained mutation: You are robust. (+10% HP) [evolution]
 92466 | Zot:2    | Reached skill level 1 in Earth Magic
 93382 | Zot:2    | Reached skill level 5 in Necromancy
 93815 | Zot:3    | Reached XP level 26. HP: 216/243 MP: 35/45
 94575 | Zot:3    | Reached skill level 5 in Earth Magic
 95066 | Zot:3    | Found Eqiatsok's Changing Room.
 95093 | Zot:3    | Bought a potion of mutation for 152 gold pieces
 95936 | Zot:4    | Reached skill level 10 in Charms
 96745 | Zot:4    | Reached skill level 10 in Earth Magic
 97145 | Zot:5    | Entered Level 5 of the Realm of Zot
 97367 | Zot:5    | Noticed an ancient lich
 97378 | Zot:5    | Killed an ancient lich
 97481 | Zot:5    | Noticed an ancient lich
 97499 | Zot:5    | Killed an ancient lich
 98375 | Zot:5    | Noticed an ancient lich
 98395 | Zot:5    | Killed an ancient lich
 98568 | Zot:5    | Noticed an ancient lich
 98573 | Zot:5    | Killed an ancient lich
 98657 | Zot:5    | Reached XP level 27. HP: 257/257 MP: 21/45
 98961 | Zot:5    | Noticed an orb of fire
 98983 | Zot:5    | Noticed an ancient lich
 99403 | Zot:5    | Gained mutation: You tend to lose your temper in combat.
                  | [an orb of fire]
 99404 | Zot:5    | Killed an orb of fire
 99445 | Zot:5    | Noticed an ancient lich
 99450 | Zot:5    | Killed an ancient lich
 99530 | Zot:5    | Killed an ancient lich
 99885 | Zot:5    | Noticed an orb of fire
 99891 | Zot:5    | Killed an orb of fire
100053 | Zot:5    | Noticed an orb of fire
100059 | Zot:5    | Killed an orb of fire
100156 | Zot:5    | Noticed an orb of fire
100170 | Zot:5    | Killed an orb of fire
100365 | Zot:5    | Noticed an orb of fire
100372 | Zot:5    | Gained mutation: Your body sometimes deteriorates upon
                  | taking damage. [an orb of fire]
100372 | Zot:5    | Gained mutation: You are weak. (Str -2) [an orb of fire]
100374 | Zot:5    | Killed an orb of fire
101241 | Zot:5    | Got the Orb of Zot
101786 | D:$      | Escaped with the Orb!

Vault maps used:
D:1:      erik_arrival_triangle_large, serial_forest,
          infiniplex_forest_straight_2, infiniplex_forest_end_2,
          infiniplex_forest_straight_4, infiniplex_forest_corner_1,
          infiniplex_forest_zigzag_1, minmay_liquid_box, kennysheep_doodads,
          minmay_cupped
D:2:      uniq_sigmund
D:3:      gup_sewer_entry_bubbles
D:4:      minmay_temple_entry_overgrown, serial_shops, kennysheep_mini,
          first_ration, uniq_pikel, uniq_ijyb
D:6:      grunt_temple_overflow_champion_of_chaos, serial_shops,
          kennysheep_little_box
D:7:      lemuel_doored_altar, overflow_temple_1_default,
          gammafunk_temple_overflow_pools,
          chequers_temple_overflow_statue_of_worship, grunt_decor_clamped
D:8:      gammafunk_ghost_icy, enter_bailey_3, uniq_erica
D:9:      lair_entry_dummy, zombieorc1_lemuel
D:11:     minmay_the_grid_octo_tiled_squarecenter, enter_trove_6, serial_glass,
          glass_columns_b, glass_columns_a, glass_columns_a, glass_columns_a,
          glass_columns_c
D:12:     portal_ice_cave_entry_pillars_1, lab_entry_generic,
          hangedman_pestilent_swarm
D:13:     david_vaults_2, minmay_misc_feat_encased, minmay_crystal_water,
          wad_scary_box
D:14:     uniq_louise, uniq_snorg, uniq_frances, uniq_roxanne
D:15:     hangedman_depths_entry_civil_slaughter, fedhas_altar_3,
          serial_bayou_lagoon_b
Temple:   eino_narrow_crystal_temple
Lair:1:   basic_altar, st_stairs_4
Lair:2:   minmay_swamp_entry_worms, minmay_another_anthill
Lair:3:   dummy_snake_entry, ebering_ghost_reflecting_pool, minivault_23,
          lemuel_fruit_fields, grunt_megastairs_1
Lair:4:   lemuel_fruit_fields, uniq_sonja
Lair:5:   slime_altar_1, serial_bayou_shore_b, lemuel_fruit_tree
Lair:6:   minmay_lair_end_enchanted_forest, uniq_urug, uniq_josephine
Swamp:1:  evilmike_swamp_ruin_house_6, infiniplex_staircase_pool
Swamp:2:  nicolae_swamp_godswood
Swamp:3:  serial_swamp_ruin, evilmike_swamp_ruin_house_2,
          hangedman_swamp_ruin_wall
Swamp:4:  swamp_old_school
Snake:1:  uniq_nikola
Snake:2:  uniq_vashnia
Snake:3:  gammafunk_ghost_cemetery, st_stairs_5, nicolae_snake_springs,
          uniq_saint_roka
Snake:4:  snake_pit_salamanders_mu, st_stairs_5, uniq_kirke
Slime:1:  cheibrodos_slime_lost_civilization_7
Slime:2:  uniq_dissolution
Orc:2:    st_orc_rangers
Elf:1:    eino_elf_arrival_shootout, minmay_elf_annihilation, minivault_28
Elf:3:    minmay_elf_hall_x, serial_shops, shop, basic_altar
Vaults:1: vaults_room_door_ring, v_misc_10, hangedman_vaults_maws,
          hangedman_vaults_stream, ontoclasm_vaults_hangar,
          vaults_room_stairs_pillars, v_pattern_5, v_misc_31,
          nicolae_vaults_specimen_jars, vaults_room_hallway
Vaults:2: st_hourglassy, ontoclasm_vaults_shuriken, vaults_standard_mumra_x,
          vaults_mumra_hex, vaults_room_pools, ontoclasm_vaults_hangar,
          nicolae_vaults_windows_and_doors_thing, vaults_room_door_hall,
          nicolae_vaults_diagonal_hallway_6,
          vaults_standard_mumra_enter_the_diamond, vaults_room_stairs_pillars
Vaults:3: gammafunk_vaults_ghost_cemetery, ontoclasm_vaults_claustrophobia,
          ontoclasm_vaults_tryst, nicolae_vaults_network_star,
          nicolae_vaults_triangles, minmay_crypt_entry_simple_corners,
          ontoclasm_vaults_eye, v_misc_28, nicolae_vaults_asterisk,
          nicolae_vaults_what_the_h, v_alt_pattern_1, v_misc_26,
          ontoclasm_vaults_idyll, ontoclasm_vaults_misaligned,
          nicolae_vaults_little_squares_6, ontoclasm_vaults_ring_square,
          nicolae_vaults_rhombus_6, uniq_mennas, uniq_mara, uniq_asterion,
          uniq_margery, uniq_sojobo
Vaults:4: hangedman_vaults_unwind, v_misc_11, ontoclasm_vaults_misaligned,
          vaults_room_pool, hangedman_vaults_hard_town_square,
          vaults_room_door_ring, vaults_room_door_ring, v_rooms_4,
          vaults_room_door_ring, v_misc_1, nicolae_vaults_alarming,
          hangedman_vaults_hat, ontoclasm_vaults_hangar,
          nicolae_vaults_angled_halls, serial_shops,
          nicolae_shop_temple_entry_statues_fountains
Depths:1: wad_floor_pattern_untrapped, hell_entry, grunt_ministairs_7,
          grunt_decor_one_mirror, nicolae_water_bricks, nrook_loot_triangle,
          hangedman_abyss_or_decor_lesser_grid, hangedman_corner_corridor
Depths:2: minmay_guarded_unrand_sceptre_of_torment, enter_ziggurat_b,
          abyss_entry_small_statue_room, hell_entry, grunt_decor_resistance,
          grunt_decor_cap, small_chamber_with_monster, hex_large,
          uniq_enchantress
Depths:3: evilmike_library_of_no_secrets, grunt_pan_entry_spiral,
          minmay_misc_feat_nine_boxes, grunt_hell_entry_dis_mu,
          serial_bayou_shore_a, infiniplex_staircase_pool_1, minmay_shop_grove
Depths:4: minmay_central_circle, abyss_entry_flame_altar, serial_shops,
          nicolae_shop_trees, hell_entry, chequers_big_river,
          grunt_decor_mini_mirrors, infiniplex_staircase_zigzag_2, uniq_jory,
          uniq_boris
Depths:5: grunt_zot_entry_hairpin, minmay_misc_feat_pillars,
          hangedman_coc_ice_floe, kennysheep_underground_church,
          infiniplex_staircase_pool_lava, uniq_frederick
Zot:1:    gammafunk_ghost_grave, hangedman_elemental_grid_stream
Zot:2:    lemuel_elevator
Zot:3:    st_stairs_10, nicolae_transmutations_shop
Zot:4:    zot_minivault_4, basic_stair_grate_trap
Zot:5:    grunt_megastairs_2
Sewer:    kennysheep_pipe_town
Bailey:   bailey_axe_3, bailey
IceCv:    ice_cave_small_dragons

Skill      XL: |  1  2  3  4  5  6  7  8  9 10 11 12 13 14 15 16 17 18 19 20 21 22 23 24 25 26 27 |
---------------+----------------------------------------------------------------------------------+-----
Spellcasting   | 3 4 5 8 9 11 13 15 16 18 | 18.0
Conjurations   | 5 6 8 10 13 15 16 17 18 20 21 23 24 | 24.9
Fighting       | 3 4 6 9 10 11 14 15 16 19 | 19.2
Dodging        | 3 4 6 10 11 13 14 15 | 15.0
Hexes          | 3 5 |  5.1
Translocations | 2 |  2.3
Fire Magic     | 2 5 7 10 11 13 15 17 19 20 22 23 | 23.0
Poison Magic   | 2 |  2.0
Charms         | 4 6 8 10 | 10.0
Ice Magic      | 2 |  2.2
Shields        | 4 |  4.0
Long Blades    | 7 9 10 | 10.0
Evocations     | 3 6 8 12 | 12.0
Summonings     | 6 8 |  8.0
Necromancy     | 5 |  5.0
Earth Magic    | 4 10 | 10.2
Stealth        | |  1.7

Action                   |  1- 3 |  4- 6 |  7- 9 | 10-12 | 13-15 | 16-18 | 19-21 | 22-24 | 25-27 || total
-------------------------+-------+-------+-------+-------+-------+-------+-------+-------+-------++-------
Melee: Hand axe          |   172 |     7 |       |       |       |       |       |       |       ||   179
       Tailslap          |    41 |     1 |     3 |    28 |    56 |    67 |   113 |    81 |     9 ||   399
       Short sword       |       |    15 |    34 |       |       |       |       |       |       ||    49
       Dagger            |       |       |    45 |   240 |   173 |       |       |       |       ||   458
       Double sword      |       |       |       |       |   186 |   576 |   676 |   590 |    75 ||  2103
       Staff             |       |       |       |       |    12 |     1 |     9 |     6 |     1 ||    29
       Spear             |       |       |       |       |       |     9 |       |     1 |       ||    10
 Fire: Hunting sling     |     1 |    24 |       |       |       |       |       |       |       ||    25
       Hand crossbow     |       |    11 |    11 |       |       |       |       |       |       ||    22
Throw: Stone             |       |       |     1 |       |       |       |       |       |       ||     1
       Javelin           |       |       |       |       |    13 |     8 |     2 |       |       ||    23
       Throwing net      |       |       |       |       |       |       |       |       |     4 ||     4
 Cast: Magic Dart        |    79 |   133 |   237 |   431 |   459 |   145 |    12 |       |       ||  1496
       Searing Ray       |     2 |     7 |    15 |     3 |       |       |       |       |       ||    27
       Iskenderun's Myst |       |     3 |     9 |    11 |    23 |   143 |   336 |   298 |    85 ||   908
       Conjure Flame     |       |       |     6 |    38 |    40 |    16 |     4 |       |       ||   104
       Sticky Flame      |       |       |     4 |    99 |   168 |   113 |   137 |    30 |     2 ||   553
       Fulminant Prism   |       |       |     3 |     7 |       |     4 |       |       |       ||    14
       Mephitic Cloud    |       |       |       |    11 |     9 |     3 |     3 |     1 |       ||    27
       Blink             |       |       |       |     2 |    17 |     3 |    19 |    15 |    18 ||    74
       Fireball          |       |       |       |    30 |   263 |   339 |   205 |   148 |     9 ||   994
       Ozocubu's Armour  |       |       |       |       |     1 |     1 |     1 |     1 |     2 ||     6
       Orb of Destructio |       |       |       |       |     8 |    31 |    57 |   182 |   181 ||   459
       Spellforged Servi |       |       |       |       |       |       |    10 |    25 |    14 ||    49
       Apportation       |       |       |       |       |       |       |     3 |     2 |     2 ||     7
       Fire Storm        |       |       |       |       |       |       |       |    14 |    76 ||    90
       Regeneration      |       |       |       |       |       |       |       |    51 |    41 ||    92
       Iron Shot         |       |       |       |       |       |       |       |       |   140 ||   140
 Abil: Breathe Dispellin |       |       |     2 |       |     1 |     2 |       |       |       ||     5
Evoke: Wand              |       |       |    12 |     4 |    14 |    15 |     7 |    12 |    18 ||    82
       Staff of energy   |       |       |       |       |       |       |     1 |   289 |   635 ||   925
  Use: Scroll            |     1 |     4 |    14 |    11 |    15 |    17 |    20 |     5 |     9 ||    96
       Potion            |       |     2 |     2 |     1 |     8 |     6 |     1 |    11 |    20 ||    51
 Stab: Confused          |       |       |       |     1 |       |       |     2 |       |       ||     3
       Invisible         |       |       |       |       |     2 |       |       |       |       ||     2
       Sleeping          |       |       |       |       |     1 |       |       |     1 |       ||     2
       Distracted        |       |       |       |       |       |       |     2 |     1 |       ||     3
       Paralysed         |       |       |       |       |       |       |       |     4 |       ||     4
  Eat: Chunk             |     1 |     9 |    14 |    31 |    61 |    34 |    74 |    42 |    18 ||   284
       Ration            |     1 |       |     2 |     3 |     7 |    19 |     6 |    11 |    18 ||    67
Armor: Skin              |     4 |    33 |    41 |    94 |   204 |   225 |   183 |   254 |    59 ||  1097
Dodge: Dodged            |    13 |    55 |   105 |   229 |   555 |   576 |   463 |   534 |   179 ||  2709
Block: Buckler           |       |       |       |    19 |   184 |   428 |   342 |   386 |    74 ||  1433
       Reflection        |       |       |       |       |     4 |    45 |    65 |    47 |     1 ||   162
       Rpst.: Double sword |       |       |       |       |    41 |    93 |    88 |    89 |     9 ||   320

Table legend:
 A = Non-vault XP
 B = Vault XP
 C = Vault XP percentage of total XP
 D = Non-vault monster count
 E = Vault monster count
 F = Vault count percentage of total count
                 A         B        C        D         E       F
            +---------+---------+-------+---------+---------+-------
      Total |  852803 |  779670 |  47.8 |    1586 |     789 |  33.2
            +---------+---------+-------+---------+---------+-------
        D:1 |      46 |       1 |   2.1 |      24 |       1 |   4.0
        D:2 |      78 |     242 |  75.6 |      22 |       1 |   4.3
        D:3 |      55 |      26 |  32.1 |      25 |       7 |  21.9
        D:4 |     332 |     639 |  65.8 |      18 |       2 |  10.0
        D:5 |     496 |       0 |   0.0 |      15 |       0 |   0.0
        D:6 |     714 |      50 |   6.5 |      18 |       1 |   5.3
        D:7 |     834 |       0 |   0.0 |      12 |       0 |   0.0
        D:8 |     761 |     942 |  55.3 |      16 |       5 |  23.8
        D:9 |    4729 |     625 |  11.7 |      52 |      28 |  35.0
       D:10 |     375 |     575 |  60.5 |       4 |       1 |  20.0
       D:11 |    3792 |    5324 |  58.4 |      36 |      26 |  41.9
       D:12 |    5144 |     494 |   8.8 |      35 |       4 |  10.3
       D:13 |    9992 |   11567 |  53.7 |      39 |      13 |  25.0
       D:14 |   11819 |       0 |   0.0 |      39 |       0 |   0.0
       D:15 |   23024 |    7202 |  23.8 |      36 |       8 |  18.2
     Lair:1 |    5482 |     672 |  10.9 |      24 |       4 |  14.3
     Lair:2 |    9284 |    2110 |  18.5 |      40 |      17 |  29.8
     Lair:3 |    4295 |    2274 |  34.6 |      16 |       3 |  15.8
     Lair:4 |   12062 |     814 |   6.3 |      39 |       1 |   2.5
     Lair:5 |   10351 |     265 |   2.5 |      23 |       1 |   4.2
     Lair:6 |    4401 |   11068 |  71.5 |      19 |      45 |  70.3
    Swamp:1 |   14754 |       0 |   0.0 |      37 |       0 |   0.0
    Swamp:2 |   16746 |       0 |   0.0 |      34 |       0 |   0.0
    Swamp:3 |   10607 |     978 |   8.4 |      27 |       1 |   3.6
    Swamp:4 |   10811 |   22826 |  67.9 |      22 |      27 |  55.1
    Snake:1 |    9717 |    3221 |  24.9 |      20 |       1 |   4.8
    Snake:2 |   24984 |    8977 |  26.4 |      45 |       6 |  11.8
    Snake:3 |   16181 |   15128 |  48.3 |      28 |      33 |  54.1
    Snake:4 |   24878 |   55704 |  69.1 |      50 |      74 |  59.7
    Slime:1 |   12363 |   15637 |  55.8 |      21 |       2 |   8.7
    Slime:2 |   17782 |       0 |   0.0 |      38 |       0 |   0.0
    Slime:3 |   17950 |       0 |   0.0 |      28 |       0 |   0.0
    Slime:4 |   10817 |    2954 |  21.5 |      26 |       4 |  13.3
    Slime:5 |    6524 |   30450 |  82.4 |       9 |      13 |  59.1
      Orc:1 |    1229 |       0 |   0.0 |      23 |       0 |   0.0
      Orc:2 |    5821 |    5396 |  48.1 |      45 |      39 |  46.4
      Elf:1 |    8884 |   15674 |  63.8 |      16 |      24 |  60.0
      Elf:2 |    8585 |    1799 |  17.3 |      15 |       2 |  11.8
      Elf:3 |    9005 |   44537 |  83.2 |      25 |      32 |  56.1
   Vaults:1 |   38718 |   18046 |  31.8 |      61 |      34 |  35.8
   Vaults:2 |   32460 |   27114 |  45.5 |      59 |      36 |  37.9
   Vaults:3 |   21315 |   40952 |  65.8 |      35 |      34 |  49.3
   Vaults:4 |   15339 |   26198 |  63.1 |      22 |      33 |  60.0
   Depths:1 |   37645 |    6481 |  14.7 |      44 |       8 |  15.4
   Depths:2 |   25601 |   30797 |  54.6 |      41 |      12 |  22.6
   Depths:3 |   42852 |   25859 |  37.6 |      52 |      23 |  30.7
   Depths:4 |   42223 |   58147 |  57.9 |      39 |      29 |  42.6
   Depths:5 |   32205 |   34527 |  51.7 |      40 |      24 |  37.5
      Zot:1 |   77062 |   20548 |  21.1 |      43 |      10 |  18.9
      Zot:2 |   49189 |    2071 |   4.0 |      27 |       1 |   3.6
      Zot:3 |   23581 |    6718 |  22.2 |      16 |       2 |  11.1
      Zot:4 |   41205 |   25243 |  38.0 |      21 |      13 |  38.2
      Zot:5 |   37704 |  182342 |  82.9 |      25 |      44 |  63.8
      Sewer |       0 |     241 | 100.0 |       0 |      24 | 100.0
     Bailey |       0 |     859 | 100.0 |       0 |      16 | 100.0
      IceCv |       0 |    5356 | 100.0 |       0 |      20 | 100.0
            +---------+---------+-------+---------+---------+-------
